 Dungeon Crawl Stone Soup version 0.23-a0-419-g0174fd8 (webtiles) character file.

4 Amnesiac the Vexing (level 1, -2/7 HPs)
             Began as a Felid Enchanter on Nov 11, 2018.
             Slain by a kobold (4 damage)
             ... on level 1 of the Dungeon.
             The game lasted 00:00:46 (180 turns).

Amnesiac the Vexing (Felid Enchanter)                Turns: 180, Time: 00:00:47

Health: -2/7       AC:  1    Str:  4    XL:     1   Next: 50%
Magic:  1/4        EV: 18    Int: 16    God:
Gold:   0          SH:  0    Dex: 16    Spells: 3/4 levels left
                                        Lives:  0   Deaths: 0

rFire    . . .     SeeInvis +     - Unarmed
rCold    . . .     Gourm    .   (shield unavailable)
rNeg     . . .     Faith    .   (armour unavailable)
rPois    .         Spirit   .   (helmet unavailable)
rElec    .         Reflect  .   (cloak unavailable)
rCorr    .         Harm     .   (gloves unavailable)
MR       .....                  (boots unavailable)
Stlth    +++.......             (no amulet)
HPRegen  0.02/turn              (no ring)
MPRegen  0.09/turn              (no ring)

@: quick
A: very small, no armour, no weapons or thrown items, stealth, claws 1, fangs 3,
see invisible, carnivore, speed 1, shaggy fur 1, slow metabolism 1, sharp paws
a: no special abilities


You were on level 1 of the Dungeon.
You were not hungry.

You visited 1 branch of the dungeon, and saw 1 of its levels.

Inventory:

Comestibles
 b - a ration


   Skills:
 - Level 2.6 Dodging
 + Level 4.1 Stealth
 + Level 1.2 Unarmed Combat
 - Level 2.0 Spellcasting
 + Level 4.5 Hexes


You had 3 spell levels left.
You knew the following spells:

 Your Spells              Type           Power        Failure   Level  Hunger
a - Corona                Hex            ###....      3%          1    #......

Your spell library contained the following spells:

 Spells                   Type           Power        Failure   Level  Hunger
 Confuse                  Hex            ###.....     10%         3    ###....
 Tukima's Dance           Hex            ###.....     10%         3    ###....
 Ensorcelled Hibernation  Hex/Ice        #.....       12%         2    ###....
 Dazzling Spray           Conj/Hex       #.....       24%         3    ###....


Dungeon Overview and Level Annotations

Branches:
Dungeon (1/15)

Altars:


Innate Abilities, Weirdness & Mutations

You cannot wear armour.
You are incapable of wielding weapons or throwing items.
Your paws allow you to move quietly. (Stealth)
You have sharp claws.
You have razor-sharp teeth.
You have supernaturally acute eyesight. (SInv)
You are carnivorous and can eat meat at any time.
You cover ground quickly.
You are covered in fur. (AC +1)
You have a slow metabolism.
Your sharp claws are effective at attacking unaware monsters.


Message History

You scratch the hobgoblin but do no damage.
The hobgoblin is severely wounded.
The bat barely misses you.
You scratch the hobgoblin.
You kill the hobgoblin!
The bat barely misses you.
Casting: Corona (safe; 3% risk of failure)
Confirm with . or Enter, or press ? or * to list all spells.
Aiming: Corona (safe; 3% risk of failure)
Press: ? - help, Shift-Dir - straight line, f - bat
Aim: a bat (chance to defeat MR: 71%)
The bat is outlined in light.
The bat closely misses you.
You hear a splashing noise.
You closely miss the bat. The bat misses you.
You hear a splashing noise.
Found a scroll labeled AMME ZIKUSKECK.
You scratch the bat but do no damage. The bat completely misses you.
You scratch the bat.
The bat is severely wounded.
The bat completely misses you.
You scratch the bat but do no damage.
The bat is severely wounded.
The bat barely misses you.
You scratch the bat.
You kill the bat!
Casting: Corona (safe; 3% risk of failure)
Confirm with . or Enter, or press ? or * to list all spells.
Aiming: Corona (safe; 3% risk of failure)
Press: ? - help, Shift-Dir - straight line, f - kobold
Aim: a kobold (chance to defeat MR: 71%)
The kobold barely resists.
Casting: Corona (safe; 3% risk of failure)
Confirm with . or Enter, or press ? or * to list all spells.
Aiming: Corona (safe; 3% risk of failure)
Press: ? - help, Shift-Dir - straight line, f/p - kobold
Aim: a kobold (chance to defeat MR: 71%)
The kobold is outlined in light.
A dart slug comes into view.
The kobold closely misses you.
The dart slug moves out of view.
The kobold closely misses you.
Something bites the plant but does no damage.
You scratch the kobold but do no damage.
The kobold misses you.
You hear a splashing noise.
You barely miss the kobold. The kobold closely misses you.
Something bites the plant but does no damage.
You scratch the kobold.
The kobold is moderately wounded.
The kobold misses you.
You scratch the kobold but do no damage.
The kobold is moderately wounded.
Something bites the plant but does no damage.
The kobold barely misses you.
You scratch the kobold but do no damage.
The kobold is moderately wounded.
Something bites the plant but does no damage.
The kobold hits you.
* * * LOW HITPOINT WARNING * * *
You scratch the kobold.
The kobold is severely wounded.
Something bites the plant but does no damage.
The kobold hits you.
Ouch! That really hurt!
You die...

....... ......# ........
......# #.
...P≈P.PP.PP...#
#.####.PP≈PP≈P♣≈≈P...##
#.##≈P.≈≈≈≈≈≈≈≈≈P≈.....
#.#.PPP≈≈≈♣w.PP≈P......
#.P.P≈♣♣♣≈PPP..........
#.PP≈≈♣≈♣PP≈##@....>...
#..≈≈♣♣♣PPrP##.K..)....
#.≈P≈♣≈≈♣PP###........?
###.PPP≈≈≈♣PP≈P#.........
P≈'.#P≈≈P≈≈♣≈≈PP≈).#.####
≈.######P.≈P♣≈≈≈P..#.#
..# ##.≈.PP≈♣≈≈P..#


PP# #...÷≈≈PPP≈..# ≈.# ###....PPP≈P.# You could see a dart slug and a kobold.

Vanquished Creatures
  A hobgoblin (D:1)
  3 bats (D:1)
4 creatures vanquished.

Notes
Turn   | Place    | Note
-------+----------+-------------------------------------------
     0 | D:1      | Amnesiac the Felid Enchanter began the quest for the Orb.
     0 | D:1      | Reached XP level 1. HP: 7/7 MP: 4/4
   180 | D:1      | Slain by a kobold

Vault maps used:
D:1:      lightli_arrival_flooded_house, serial_bayou_lagoon_a

Action                   || total
-------------------------++-------
Melee: Unarmed           ||    39
       Bite              ||     2
 Cast: Corona            ||     6
  Eat: Chunk             ||     1
Armor: Skin              ||     7
Dodge: Dodged            ||    54

Table legend:
 A = Non-vault XP
 B = Vault XP
 C = Vault XP percentage of total XP
 D = Non-vault monster count
 E = Vault monster count
 F = Vault count percentage of total count
                 A         B        C        D         E       F
            +---------+---------+-------+---------+---------+-------
      Total |       6 |       0 |   0.0 |       4 |       0 |   0.0
            +---------+---------+-------+---------+---------+-------
        D:1 |       6 |       0 |   0.0 |       4 |       0 |   0.0
            +---------+---------+-------+---------+---------+-------
